 Dungeon Crawl Stone Soup version 0.25-b1-46-gb8a1ec0 (webtiles) character file.

Game seed: 3340946946947744175

32 silenth the Skirmisher (level 3, -5/26 HPs)
             Began as an Octopode Fighter on June 12, 2020.
             Splashed by a jelly's acid (11 damage)
             ... on level 2 of the Dungeon.
             The game lasted 00:01:37 (1088 turns).

silenth the Skirmisher (Octopode Fighter)           Turns: 1088, Time: 00:01:37

Health: -5/26      AC: -7    Str: 16    XL:     3   Next: 27%
Magic:  3/3        EV: 11    Int: 10    God:
Gold:   54         SH:  8    Dex: 11    Spells: 2/2 levels left

rFire    . . .     SeeInvis .   a - +0 long sword
rCold    . . .     Gourm    .   b - +0 kite shield
rNeg     . . .     Faith    .   (helmet restricted)
rPois    .         Spirit   .   (no amulet)
rElec    .         Reflect  .   (no ring)
rCorr    .         Harm     .   (no ring)
MR       .....                  (no ring)
Stlth    ++........             (no ring)
HPRegen  0.08/turn              (no ring)
MPRegen  0.08/turn              (no ring)
                                (no ring)
                                (no ring)

@: corroded
A: almost no armour, stealthy swim, amphibious, 8 rings, constrict 8, camouflage
1, gelatinous body 1
a: no special abilities


You were on level 2 of the Dungeon.
You were hungry.

You visited 1 branch of the dungeon, and saw 2 of its levels.

You collected 54 gold pieces.

Inventory:

Hand Weapons
 a - a +0 long sword (weapon)
Armour
 b - a +0 kite shield (worn)
Scrolls
 f - a scroll of blinking {unknown}
 h - a scroll of fog {unknown}
 m - a scroll of identify {unknown}
 n - a scroll of teleportation {unknown}
Potions
 c - a potion of might
 d - 2 potions of haste {unknown}
 g - a potion of resistance {unknown}
 i - 3 potions of curing {unknown}
 j - a potion of lignification {unknown}
 k - 2 potions of heal wounds {unknown}
 l - a potion of brilliance {unknown}
Comestibles
 e - 3 rations


   Skills:
 + Level 3.4 Fighting
 * Level 3.2 Long Blades
 - Level 3.0 Dodging
 - Level 3.0 Shields


You had 2 spell levels left.
You didn't know any spells.
Your spell library was empty.

Dungeon Overview and Level Annotations

Branches:
Dungeon (2/15)

Altars:


Innate Abilities, Weirdness & Mutations

You cannot wear most types of armour.
You are very stealthy in the water. (Stealth+)
You are amphibious.
You can wear up to eight rings at the same time.
You can use your tentacles to constrict eight enemies at once.
Your skin changes colour to match your surroundings (Stealth+).
Your rubbery body absorbs attacks. (AC +1, EV +1)


Message History

The jelly barely misses you.
You riposte.
You hit the jelly.
The jelly is moderately wounded.
Found a stone staircase leading down.
You hit the jelly but do no damage.
Your tentacles burn!
The jelly is moderately wounded.
You block the bat's attack. The jelly closely misses you.
You hit the jelly but do no damage. The acid corrodes you!
Your tentacles burn!
You squeeze the jelly, but do no damage.
The jelly is moderately wounded.
You block the bat's attack. The bat closely misses you. The jelly hits you.
You are splashed with acid!
The jelly closely misses you.
You are too injured to fight recklessly!
You are too injured to fight recklessly!
You are too injured to fight recklessly!
You hit the jelly. The acid corrodes you!
Your tentacles burn!
The jelly is moderately wounded.
The bat hits you. The jelly hits you.
* * * LOW HITPOINT WARNING * * *
The acid corrodes you!
You are splashed with acid!
You die...

#.#.# ######
#.#.##...... #
#.#.#.......
..####<#.........
....#.#..?......
#...#.........
...###............
#.......)@.......
######..##Jb.....
#########).# >......
.......<...# .......
#######.......?.....
#...##........ #.#.#
........ #.#.#
....... #.#.# #...


You could see a jelly and a bat.

Vanquished Creatures
  2 dart slugs (D:1)
  6 bats
  3 hobgoblins (D:1)
  7 kobolds (D:1)
  3 frilled lizards (D:1)
  3 goblins
  3 rats
27 creatures vanquished.

Notes
Turn   | Place    | Note
-------+----------+-------------------------------------------
     0 | D:1      | silenth the Octopode Fighter began the quest for the Orb.
     0 | D:1      | Reached XP level 1. HP: 16/16 MP: 1/1
   138 | D:1      | Reached XP level 2. HP: 21/21 MP: 2/2
   503 | D:1      | Reached skill level 3 in Long Blades
   774 | D:1      | Reached XP level 3. HP: 26/26 MP: 3/3
  1088 | D:2      | Splashed by a jelly's acid

Illustrated notes

Levels and vault maps discovered:
D:1:      heliophobic_arrival_dark_side_of_the_moon, layout_basic,
          serial_curves, eino_curves_01, eino_curves_02
D:2:      layout_rooms

Skill      XL: |  1  2 |
---------------+-------+-----
Long Blades    | 3 |  3.2
Fighting       | |  3.4
Dodging        | |  3.0
Shields        | |  3.0

Action                   || total
-------------------------++-------
Melee: Long sword        ||    52
       Tentacles         ||     7
       Constrict         ||    10
 Stab: Sleeping          ||     3
Armor: Skin              ||     4
Dodge: Dodged            ||    38
Block: Kite shield       ||    23
       Rpst.: Long sword ||     9
